 Dungeon Crawl Stone Soup version 0.31-a0-150-g89dc3ad700 (webtiles) character file.

Game seed: 2790505804649127262

1 qw the Shooter (level 1, -7/18 HPs)
             Began as a Minotaur Hunter on June 8, 2023.
             Mangled by a gnoll
             ... wielding a +0 flail
              (13 damage)
             ... on level 1 of the Dungeon.
             The game lasted 00:00:02 (12 turns).

qw the Shooter (Minotaur Hunter)                      Turns: 12, Time: 00:00:02

Health: -7/18      AC:  3    Str: 15    XL:     1   Next: 16%
Magic:  0/0        EV: 12    Int:  6    God:
Gold:   0          SH:  0    Dex: 13    Spells: 0/0 levels left

rFire   . . .        a - +0 shortbow
rCold   . . .        (shield currently unavailable)
rNeg    . . .        c - +0 leather armour
rPois   .            (helmet restricted)
rElec   .            (no cloak)
rCorr   .            (no gloves)
SInv    .            (no boots)
Will    .....        (no amulet)
Stlth   +            (no ring)
HPRegen 0.23/turn    (no ring)
MPRegen 0.07/turn

%: no passive effects
@: no status effects
A: horns 2, retaliatory headbutt
a: no special abilities


You were on level 1 of the Dungeon.
You visited 1 branch of the dungeon, and saw 1 of its levels.


Innate Abilities, Weirdness & Mutations

You have a pair of horns on your head.
You reflexively headbutt those who attack you in melee.


   Skills:
 - Level 2.4 Fighting
 + Level 4.4 Ranged Weapons
 - Level 2.1 Dodging
 - Level 0.7 Stealth


You couldn't memorise any spells.
You didn't know any spells.
Your spell library was empty.

Inventory:

Hand Weapons
 a - a +0 shortbow (weapon)
Armour
 c - a +0 leather armour (worn)

Dungeon Overview and Level Annotations

Branches:
Dungeon (1/15)

Altars:


Message History

Press ? for a list of commands and other information.
Found a staircase leading out of the dungeon.
Options error: Missing colour in message_colour setting: 'then' x2
Waypoint 0 assigned to D:1.
0 ||| PLANNING D:1-11 A gnoll comes into view.
It is wielding a +0 flail.
The gnoll shouts!
A gnoll is nearby!
2 ||| DROPPING scroll of butterflies.
You drop a scroll of butterflies.
A gnoll is nearby!
A gnoll is nearby!
A kobold comes into view. It is wielding a +0 dagger.
The kobold shouts!
You hear a shout!
The kobold moves out of view.
A goblin and a rat come into view.
The rat moves out of view.
You shoot an arrow. The arrow barely misses the gnoll.
The arrow closely misses the kobold.
You shoot an arrow. The arrow hits the gnoll.
The gnoll is moderately wounded.
You shoot an arrow. The arrow barely misses the gnoll.
The gnoll hits you with a +0 flail.
You shoot an arrow. The arrow closely misses the gnoll.
The arrow hits the kobold.
You kill the kobold!
The gnoll barely misses you.
You shoot an arrow. The arrow closely misses the gnoll.
A hobgoblin comes into view.
The gnoll barely misses you. The gnoll hits you with a +0 flail.
The hobgoblin moves out of view.
You shoot an arrow.
The arrow hits the gnoll but does no damage.
The gnoll is moderately wounded.
A kobold comes into view. It is wielding a +0 dagger.
The gnoll hits you with a +0 flail. The goblin closely misses you.
You shoot an arrow. The arrow barely misses the gnoll.
The kobold shouts!
The gnoll hits you with a +0 flail!
Ouch! That really hurt!
You die...

....... .......
......... ...
....... . ...
....... . ....
..g.....
####...
.....#####...#
.
..K..###.....#
..#
#)g@.....##..#
#.g...?...#
#.....7...###
###...<.....#
###.........#
...##........#
.#.##.....###..
....##...###
.## # .#### ..
#


You could see a gnoll, a goblin and a kobold.

Vanquished Creatures
  A kobold (D:1)
1 creature vanquished.

Notes
Turn   | Place    | Note
-------+----------+-------------------------------------------
     0 | D:1      | qw the Minotaur Hunter began the quest for the Orb.
     0 | D:1      | Reached XP level 1. HP: 18/18 MP: 0/0
     0 | D:1      | 0 ||| qw: Version: 0.2-a-119-g7aa9181
     0 | D:1      | 0 ||| qw: Game counter: 2925
     0 | D:1      | 0 ||| qw: Always use a shield: true
     0 | D:1      | 0 ||| qw: God list: Okawaru
     0 | D:1      | 0 ||| qw: Allow faded altars: false
     0 | D:1      | 0 ||| qw: Do Orc after D:15 true
     0 | D:1      | 0 ||| qw: Do second Lair branch before Depths: true
     0 | D:1      | 0 ||| qw: Lair rune preference: random
     0 | D:1      | 0 ||| qw: Plans: Normal
     0 | D:1      | 0 ||| PLANNING D:1-11
     2 | D:1      | 2 ||| DROPPING scroll of butterflies.
    12 | D:1      | Mangled by a gnoll

Levels and vault maps discovered:
D:1:      spicycebolla_green_bress_n_ham, layout_rooms, minmay_split_cup_small

Action                     || total
---------------------------++-------
   Fire: Shortbow          ||     7
  Dodge: Dodged            ||     3

Table legend:
 A = Non-vault XP
 B = Vault XP
 C = Vault XP percentage of total XP
 D = Non-vault monster count
 E = Vault monster count
 F = Vault count percentage of total count
                 A         B        C        D         E       F
            +---------+---------+-------+---------+---------+-------
      Total |       2 |       0 |   0.0 |       1 |       0 |   0.0
            +---------+---------+-------+---------+---------+-------
        D:1 |       2 |       0 |   0.0 |       1 |       0 |   0.0
            +---------+---------+-------+---------+---------+-------
